 Dungeon Crawl Stone Soup version 0.16.1-51-g6203257 (webtiles) character file.

14720 Woebin the Cleaver (level 11, -1/104 HPs)
             Began as a Minotaur Berserker on Aug 6, 2015.
             Was the Champion of Trog.
             Engulfed by an ice statue's freezing vapour (20 damage)
             ... in an ice cave.
             The game lasted 01:16:59 (12850 turns).

Woebin the Cleaver (Minotaur Berserker)            Turns: 12850, Time: 01:17:00

Health: -1/104     AC: 15    Str: 25    XL:     11   Next: 92%
Magic:  4/4        EV: 14    Int:  4    God:    Trog [******]
Gold:   766        SH:  0    Dex: 10    Spells: 0 memorised, 10 levels left

rFire  . . .     SeeInvis +     a - +2 war axe (elec)
rCold  . . .     Clarity  .     r - +3 ring mail
rNeg   + . .     SustAb   .     (no shield)
rPois  +         Gourm    .     (helmet restricted)
rElec  +         Spirit   .     D - +0 cloak
rCorr  .         Warding  .     o - +0 pair of gloves
rMut   .         Stasis   .     A - +0 pair of boots "Diqiq" {rElec rPois rN+}
MR     .....                    (no amulet)
Stlth  ++........               q - ring of see invisible
                                y - ring of stealth

@: exhausted, flying, very slightly contaminated, hasted and slowed, not
resistant to hostile enchantments, unstealthy
A: retaliatory headbutt, horns 2
a: Burn Spellbooks, Berserk, Trog's Hand, Brothers in Arms, Renounce Religion


You were in an ice cave.
You worshipped Trog.
Trog was exalted by your worship.
You were not hungry.

You visited 2 branches of the dungeon, and saw 13 of its levels.
You also visited: Sewer and Ice Cave.

You collected 948 gold pieces.
You spent 182 gold pieces at shops.

Inventory:

Hand weapons
 a - a +2 war axe of electrocution (weapon)
 b - a +3 arbalest of flaming
 s - a +1 antimagic hand axe
 J - a +3 broad axe of freezing
Missiles
 d - 8 javelins of penetration
 e - 3 javelins
 w - 14 tomahawks (quivered)
 K - 20 bolts
 V - 2 bolts of frost
Armour
 l - a +0 large shield
 o - a +0 pair of gloves (worn)
 r - a +3 ring mail (worn)
 A - the +0 pair of boots "Diqiq" (worn) {rElec rPois rN+}
   (You found it on level 1 of the Lair of Beasts)

   It insulates you from electricity.
   It protects you from poison.
   It protects you from negative energy.
 D - a +0 cloak (worn)
Jewellery
 q - a ring of see invisible (right hand)
 y - a ring of stealth (left hand)
 I - an uncursed ring of teleportation
Magical devices
 i - a wand of draining (10)
 F - a wand of flame (12)
 L - a wand of slowing (33)
 P - a wand of polymorph (11)
 Q - a wand of lightning (8)
 U - a wand of digging (0)
Scrolls
 h - 10 scrolls of identify
 j - 3 scrolls of teleportation
 m - 2 scrolls of fear
 p - a scroll of enchant armour
 u - a scroll of remove curse
 T - a scroll of holy word
Potions
 g - 6 potions of curing
 k - 2 potions of might
 n - a potion of resistance {unknown}
 t - 2 potions of haste
 x - 2 potions of berserk rage
 z - a potion of heal wounds
 B - a potion of beneficial mutation {unknown}
 C - 3 potions of flight
 E - 2 potions of lignification {unknown}
Miscellaneous
 c - a box of beasts
 R - a phial of floods
Comestibles
 f - a bread ration
 v - 41 fruits
 M - a slice of pizza
 O - 3 meat rations


   Skills:
 + Level 11.9 Fighting
 + Level 12.5(12.9) Axes
   Level 5.3(9.8) Maces & Flails
 - Level 3.4 Crossbows
 + Level 11.7 Armour
 + Level 7.6 Dodging
 - Level 0.1 Stealth
 * Level 3.4 Shields


You had 10 spell levels left.
You didn't know any spells.

Dungeon Overview and Level Annotations

Branches:
Dungeon (10/15)            Temple (0/1) D:6            Lair (3/8) D:8
  Swamp: Lair:3-6    Shoals: Lair:3-6     Snake: Lair:3-6    Spider: Lair:3-6
    Orc: D:9-12

Altars:
Ashenzari
Cheibriados
Elyvilon
Fedhas
Gozag
Kikubaaqudgha
Makhleb
Nemelex Xobeh
Ru
Trog
Yredelemnul
The Shining One

Shops:
D:4 [   D:5 !   D:8 (=[

Annotations:
Lair:1 exclusion: oklob plant
Abyss:1 Pikel IceCv exclusion: 3 ice statues


Innate Abilities, Weirdness & Mutations

You reflexively headbutt those who attack you in melee.
You have a pair of horns on your head.


Message History

You hit the ice statue but do no damage.
You headbutt the ice statue, but do no damage.
The ice statue is almost destroyed.
You hit the ice beast.
The ice beast is severely wounded.
The ice statue throws cold at you. The freezing blast engulfs you!
* * * LOW HITPOINT WARNING * * *
The ice beast barely misses you.
Drink which item? (? for menu, Esc to quit)
You feel much better.
You are engulfed in freezing vapours.
The ice beast misses you. The ice statue throws ice at you.
The shard of ice hits you!
* * * LOW HITPOINT WARNING * * *
Drink which item? (? for menu, Esc to quit)
It was a potion of flight.
You feel very buoyant.
You fly up into the air.
You are engulfed in freezing vapours.
You die...

#.# . #.# #.#
###8### #.#
#.#######.....##
#.#
#....§##.......##
#.#
#######.........#
#.# #.........#
#.# #.§§......#
##.#
#§Y§§.....###.##
#8@Y§.Y..8##.##
#####.#####.##
#..........##
#.........##
#.........#
#.........#
#.........#
##.......##
##.....##


You could see 3 ice statues and 3 ice beasts.

Vanquished Creatures
  A tengu warrior (D:10)
  The ghost of hannobal the Zephyrmancer, an experienced TeAE (D:6)
  A black mamba (Lair:1)
  Psyche (D:9)
  2 spiny frogs (Lair:1)
  2 komodo dragons (Lair:2)
  A two-headed ogre (D:10)
  2 trolls (D:9)
  9 blink frogs (Lair:2)
  2 ravens (D:10)
  2 humans (D:10)
  2 hungry ghosts
  7 yaks
  6 hippogriffs
  2 porcupines (Lair:2)
  15 ice beasts
  An orc warrior (D:8)
  6 water moccasins
  A slave (D:9)
  2 black bears
  3 ogres
  A sky beast (D:9)
  4 crocodiles
  3 centaurs
  4 phantoms
  Sigmund (D:5)
  Duvessa (D:5)
  7 big kobolds (D:10)
  7 giant frogs
  6 scorpions
  An electric eel (Lair:2)
  3 wights (D:9)
  Dowan (D:5)
  3 crimson imps
  2 goliath beetles
  5 hounds
  2 orc priests (D:6)
  A giant frog zombie (D:5)
  A centaur skeleton (D:4)
  2 orc wizards (D:8)
  A giant frog skeleton (D:7)
  9 worker ants
  Natasha (thrice) (D:3)
  2 iguanas
  A killer bee zombie (D:8)
  Ijyb (D:3)
  A hound zombie (D:5)
  A worker ant zombie (D:10)
  2 hound skeletons
  A gnoll (D:1)
  22 adders
  25 river rats
  4 shadow imps
  A white imp (D:3)
  4 worms
  A giant mite (D:6)
  An adder zombie (D:9)
  2 adder skeletons
  10 giant geckos
  3 oozes (D:2)
  18 orcs
  4 ball pythons
  13 bats
  2 bat skeletons
  11 goblins
  10 hobgoblins
  12 jackals
  42 kobolds
  6 quokkas
  6 giant cockroaches
  12 giant newts
  12 rats
  2 ballistomycetes (D:6)
  6 fungi
  A plant (Sewer)
376 creatures vanquished.

Vanquished Creatures (others)
  A deep elf mage (D:10)
  2 humans (D:10)
  A phantom (D:10)
  2 slaves (D:9)
  2 centaurs
  An ogre (D:10)
  A wight (D:9)
  An orc wizard (D:9)
  An iguana (D:9)
  A bat (D:9)
  A giant spore (D:6)
  3 fungi
17 creatures vanquished.

Grand Total: 393 creatures vanquished

Notes
Turn   | Place    | Note
--------------------------------------------------------------
     0 | D:1      | Woebin, the Minotaur Berserker, began the quest for the Orb.
     0 | D:1      | Reached XP level 1. HP: 19/19 MP: 1/1
   175 | D:1      | Reached XP level 2. HP: 18/27 MP: 1/1
   581 | D:1      | Reached skill level 4 in Axes
   747 | D:1      | Reached XP level 3. HP: 33/33 MP: 2/2
   866 | D:1      | Acquired Trog's second power
  1589 | D:2      | Reached XP level 4. HP: 39/41 MP: 2/2
  1622 | D:2      | Found a sparkling altar of Nemelex Xobeh.
  2077 | D:3      | Noticed Natasha
  2150 | D:3      | Noticed Ijyb
  2159 | D:3      | Killed Ijyb
  2159 | D:3      | Reached XP level 5. HP: 47/47 MP: 2/2
  2162 | D:3      | Killed Natasha
  2162 | D:3      | Reached skill level 5 in Fighting
  2201 | D:3      | Noticed Natasha
  2215 | D:3      | Killed Natasha
  2327 | D:3      | Noticed Natasha
  2331 | D:3      | Killed Natasha
  2364 | D:3      | Acquired Trog's third power
  2465 | D:3      | Found a glowing drain.
  2472 | Sewer    | Entered a sewer
  3300 | D:3      | Found a bloodstained altar of Trog.
  3541 | D:3      | Reached skill level 5 in Axes
  3549 | D:3      | Reached XP level 6. HP: 43/56 MP: 3/3
  3866 | D:4      | Found Icridu's Armour Shoppe.
  3900 | D:4      | Bought a +0 cloak for 49 gold pieces
  3900 | D:4      | Bought a +0 pair of gloves for 49 gold pieces
  4001 | D:4      | Found a burning altar of Makhleb.
  4167 | D:4      | Reached XP level 7. HP: 55/62 MP: 3/3
  4411 | D:5      | Entered Level 5 of the Dungeon
  4411 | D:5      | Noticed Sigmund
  4432 | D:5      | Reached skill level 6 in Axes
  4478 | D:5      | Found Amoov's Distillery.
  4487 | D:5      | Bought a potion of heal wounds for 70 gold pieces
  4487 | D:5      | Bought a potion of poison for 14 gold pieces
  4495 | D:5      | Found a shattered altar of Ashenzari.
  4508 | D:5      | Reached skill level 5 in Armour
  4595 | D:5      | Noticed Dowan
  4598 | D:5      | Noticed Duvessa
  4604 | D:5      | Killed Duvessa
  4628 | D:5      | Killed Dowan
  4830 | D:5      | Killed Sigmund
  4830 | D:5      | Reached skill level 5 in Dodging
  4934 | D:5      | Reached XP level 8. HP: 63/71 MP: 3/3
  4979 | D:5      | Reached skill level 7 in Axes
  5224 | D:5      | Found an ancient bone altar of Kikubaaqudgha.
  5224 | D:5      | Found a snail-covered altar of Cheibriados.
  5369 | D:6      | Found a glowing golden altar of the Shining One.
  5531 | D:6      | Received a gift from Trog
  5894 | D:6      | Noticed hannobal's ghost (experienced TeAE)
  5904 | D:6      | Killed hannobal's ghost
  5904 | D:6      | Reached skill level 8 in Axes
  5904 | D:6      | Reached XP level 9. HP: 79/79 MP: 4/4
  6069 | D:6      | Reached skill level 1 in Maces & Flails
  6214 | D:6      | Found a staircase to the Ecumenical Temple.
  6435 | D:7      | Reached skill level 1 in Crossbows
  6888 | D:8      | Found Kaukhluat's Antique Weapon Shop.
  6927 | D:8      | Found Saeklam's Jewellery Boutique.
  6949 | D:8      | Found a sacrificial altar of Ru.
  6989 | D:8      | Found a staircase to the Lair.
  7117 | D:8      | Reached skill level 9 in Armour
  7133 | D:8      | Found Priczausm's Antique Armour Boutique.
  7655 | D:9      | Found an opulent altar of Gozag.
  7957 | D:9      | Found a white marble altar of Elyvilon.
  7985 | D:9      | Received a gift from Trog
  8013 | D:9      | Noticed Psyche
  8247 | D:9      | Killed Psyche
  8247 | D:9      | Reached XP level 10. HP: 70/91 MP: 4/4
  8333 | D:9      | Noticed Pikel
  8345 | D:9      | Reached skill level 5 in Maces & Flails
  8349 | D:9      | Banished Pikel
  8610 | D:9      | Found a basalt altar of Yredelemnul.
  8816 | D:10     | Entered Level 10 of the Dungeon
  8823 | D:10     | Reached skill level 10 in Armour
  9177 | D:10     | Reached skill level 10 in Fighting
  9177 | D:10     | Reached skill level 10 in Axes
  9525 | D:10     | Noticed a tengu warrior
  9530 | D:10     | Reached XP level 11. HP: 93/101 MP: 4/4
  9533 | D:10     | Killed a tengu warrior
  9776 | Lair:1   | Entered Level 1 of the Lair of Beasts
  9791 | Lair:1   | Got a pair of ancient boots
  9802 | Lair:1   | Identified the +0 pair of boots "Diqiq" {rElec rPois rN+} (You found it on level 1 of the Lair of Beasts)
  9972 | Lair:1   | Reached skill level 11 in Axes
 10325 | Lair:1   | Found a blossoming altar of Fedhas.
 10849 | Lair:1   | Received a gift from Trog
 11327 | Lair:2   | Reached skill level 1 in Shields
 11388 | Lair:2   | Reached skill level 12 in Axes
 12255 | Lair:3   | Received a gift from Trog
 12334 | Lair:3   | Found a frozen archway.
 12342 | IceCv    | Entered an ice cave
 12390 | IceCv    | Noticed an ice statue
 12390 | IceCv    | Noticed an ice statue
 12390 | IceCv    | Noticed an ice statue
 12850 | IceCv    | Engulfed by an ice statue's freezing vapour

Action                   |  1- 3 |  4- 6 |  7- 9 | 10-12 || total
-------------------------+-------+-------+-------+-------++-------
Melee: Hand axe          |    80 |   261 |   145 |       ||   486
       Spear             |     6 |       |       |       ||     6
       Mace              |       |       |   162 |       ||   162
       Broad axe         |       |       |    13 |   342 ||   355
       War axe           |       |       |       |    36 ||    36
 Fire: Arbalest          |       |       |    18 |    10 ||    28
Throw: Tomahawk          |       |    25 |    75 |    29 ||   129
       Javelin           |       |       |     3 |       ||     3
Invok: Berserk           |     2 |     1 |     5 |       ||     8
       Burn Spellbooks   |       |       |     1 |     7 ||     8
Evoke: Wand              |       |       |       |     9 ||     9
  Use: Scroll            |     1 |       |     7 |    13 ||    21
       Potion            |       |       |       |     5 ||     5
 Stab: Sleeping          |       |       |       |     1 ||     1
  Eat: Chunk             |     3 |     6 |     6 |    11 ||    26
       Meat ration       |       |     1 |     1 |       ||     2
       Bread ration      |       |       |     2 |     1 ||     3
       Beef jerky        |       |       |     1 |       ||     1
